Map: Ruins of Endion

Players

Miszu

  • Race: Zerg Zerg
  • League: Master

CasualTea - Winner!

  • Race: Zerg Zerg
  • League: Grandmaster

VOD

Have the link to the VOD?

Description

Time

  • Played on: June 29, 2016, 11:07 a.m.
  • Length: 11:06
Show
View Real Time Build Order
Export as new Build Order

Miszu Zerg 

Build Orders: Hatch First, Muta Ling Bane 

Get SALT Encoding   

  12  0:01  Drone  
  13  0:13  Overlord  
  13  0:18  Drone  
  14  0:31  Drone x2  
  16  0:52  Hatchery  
  16  0:53  Drone  
  16  0:56  Drone  
  17  1:01  Extractor, Drone  
  17  1:08  Drone  
  18  1:18  Spawning Pool  
  17  1:21  Drone  
  18  1:29  Drone  
  19  1:46  Overlord  
  19  2:06  Zergling x6  
  19  2:07  Queen x2  
  26  2:08  Metabolic Boost  
  26  2:12  Drone  
  27  2:15  Drone  
  28  2:23  Drone  
  28  2:28  Baneling Nest  
  28  2:30  Drone  
  28  2:34  Drone  
  30  2:40  Drone  
  31  2:51  Drone  
  31  2:52  Drone  
  31  2:55  Drone  
  34  2:58  Drone  
  35  3:09  Overlord  
  35  3:10  Drone  
  36  3:19  Overlord  
  36  3:20  Overlord  
  36  3:22  Hatchery  
  36  3:27  Drone x3  
  36  3:32  Lair  
  38  3:35  Drone  
  38  3:37  Drone  
  38  3:39  Drone  
  41  3:44  Drone x2  
  41  3:46  Extractor  
  41  3:47  Extractor  
  41  3:51  Drone x3  
  44  3:57  Overlord  
  44  4:02  Extractor  
  43  4:04  Drone x4  
  47  4:14  Drone  
  47  4:15  Drone  
  49  4:18  Drone  
  50  4:26  Drone x2  
  52  4:31  Drone x4  
  52  4:32  Drone x2  
  52  4:35  Extractor x2  
  52  4:37  Queen  
  58  4:42  Spire  
  58  4:43  Drone  
  59  4:45  Drone  
  59  4:47  Drone  
  59  4:50  Drone  
  61  5:02  Overlord  
  61  5:04  Drone x6  
  67  5:11  Overlord  
  67  5:15  Drone x2  
  67  5:16  Drone  
  67  5:20  Evolution Chamber  
  67  5:21  Evolution Chamber  
  68  5:27  Overlord  
  68  5:54  Zerg Flyer Weapons Level 1  
  68  5:56  Mutalisk x11  
  68  5:57  Mutalisk  
  72  5:58  Mutalisk  
  94  6:06  Drone x4  
  94  6:10  Zerg Ground Armor Level 1  
  98  6:12  Zerg Melee Weapons Level 1  
  98  6:15  Overlord x2  
  98  6:20  Infestation Pit  
  98  6:21  Drone  
  98  6:33  Overlord x2  
  98  6:34  Zergling x2  
  98  6:35  Zergling x12  
  105  6:56  Zergling x2  
  105  6:57  Zergling x2  
  105  6:59  Hive  
  107  7:03  Zergling x8  
  107  7:05  Zergling x4  
  107  7:06  Zergling x14  
  120  7:10  Baneling Nest  
  119  7:41  Zergling x2  
  119  7:42  Zergling x20  
  130  7:49  Centrifical Hooks  
  128  8:08  Hatchery  
  127  8:13  Zerg Ground Armor Level 2  
  127  8:15  Ultralisk Cavern  
  126  8:20  Baneling x3  
  126  8:21  Baneling  
  126  8:22  Zergling x2  
  126  8:23  Overlord, Zergling x6  
  126  8:24  Overlord x5  
  126  8:25  Overlord x4  
  130  8:30  Extractor  
  129  8:35  Extractor  
  128  8:49  Zergling x20  
  128  8:50  Baneling x6  
  128  8:51  Baneling x2  
  130  9:03  Ultralisk  
  130  9:04  Ultralisk x3  
  152  9:11  Ultralisk  
  159  9:23  Ultralisk x2  
  166  9:39  Ultralisk Cavern  
  125  9:59  Zergling x10  
  119  10:00  Zergling x8  
  119  10:04  Evolution Chamber  
  119  10:05  Queen  
  115  10:24  Zergling x12  
  115  10:25  Zergling x4, Hatchery  
  114  10:40  Zergling x4  
Show
View Real Time Build Order
Export as new Build Order

CasualTea Zerg - Winner!

Build Orders: Hatch First 

Get SALT Encoding   

  12  0:00  Drone  
  13  0:09  Drone  
  14  0:17  Overlord  
  14  0:24  Extractor, Drone  
  15  0:37  Drone x2  
  17  0:46  Drone  
  18  0:58  Hatchery  
  18  0:59  Drone  
  18  1:00  Extractor  
  17  1:14  Spawning Pool  
  17  1:16  Drone  
  17  1:23  Drone  
  18  1:29  Drone  
  19  1:40  Overlord  
  19  1:49  Drone  
  20  2:01  Queen  
  20  2:02  Zergling x2  
  23  2:10  Queen  
  23  2:12  Zergling x2  
  23  2:13  Drone  
  27  2:22  Drone x2  
  29  2:32  Drone x2  
  31  2:39  Queen  
  35  2:54  Overlord  
  35  2:57  Roach Warren  
  34  3:07  Drone x2  
  34  3:08  Overlord  
  36  3:14  Drone  
  36  3:15  Drone x5  
  36  3:16  Pneumatized Carapace  
  40  3:23  Drone x3  
  40  3:24  Overlord  
  43  3:35  Drone x2  
  43  3:37  Hatchery  
  44  3:44  Extractor  
  44  3:47  Drone  
  44  3:48  Drone x3, Evolution Chamber  
  46  3:55  Drone  
  46  4:01  Drone  
  46  4:02  Extractor  
  47  4:06  Drone  
  48  4:11  Drone  
  48  4:12  Lair  
  48  4:13  Zerg Missile Weapons Level 1  
  48  4:16  Drone  
  51  4:17  Drone x3  
  53  4:29  Overlord x2  
  53  4:30  Drone x3  
  56  4:36  Drone  
  57  4:40  Drone  
  58  4:51  Drone x5  
  65  4:55  Drone x3  
  65  4:57  Drone x2  
  68  5:03  Drone  
  69  5:11  Hydralisk Den  
  68  5:15  Spore Crawler x2, Drone x2  
  68  5:16  Spore Crawler  
  68  5:17  Drone x2  
  68  5:18  Extractor  
  68  5:19  Extractor  
  68  5:20  Extractor, Drone x2, Spore Crawler x2  
  66  5:22  Drone x2  
  66  5:23  Spore Crawler  
  66  5:25  Drone x4  
  66  5:27  Glial Reconstitution  
  71  5:30  Drone  
  71  5:31  Drone  
  73  5:37  Drone x4  
  73  5:42  Muscular Augments  
  77  5:49  Overlord  
  77  5:51  Overlord x2  
  77  5:53  Overlord  
  77  6:07  Zerg Missile Weapons Level 2  
  77  6:09  Hydralisk x5  
  77  6:10  Hydralisk x4  
  95  6:16  Hydralisk x3  
  101  6:20  Overlord  
  101  6:28  Overlord x2  
  101  6:38  Hydralisk x3  
  101  6:39  Infestation Pit  
  106  6:46  Hydralisk  
  106  6:47  Hydralisk x5  
  106  6:52  Spore Crawler  
  112  7:08  Drone  
  112  7:09  Drone x3  
  112  7:11  Extractor  
  112  7:15  Pathogen Glands, Hatchery  
  114  7:17  Drone x2  
  115  7:25  Drone  
  115  7:26  Drone  
  117  7:32  Drone  
  117  7:33  Drone x2  
  117  7:34  Spore Crawler  
  117  7:35  Spore Crawler  
  116  7:48  Infestor x2  
  116  7:49  Infestor  
  122  7:53  Overlord  
  122  7:54  Overlord x6  
  122  7:55  Overlord  
  122  8:13  Roach x9  
  122  8:19  Roach x5  
  150  8:28  Queen  
  150  8:32  Zerg Ground Armor Level 1  
  152  8:40  Roach x11  
  172  8:41  Extractor  
  172  8:42  Extractor  
  172  8:46  Extractor  
  169  8:51  Roach x7  
  181  9:05  Roach  
  181  9:07  Overlord x2  
  183  9:21  Hive  
  183  9:37  Hydralisk x2  
  189  9:38  Roach x3  
  189  9:39  Roach x3  
  159  9:56  Hydralisk  
  159  9:57  Hydralisk x8, Roach x3  
  159  9:58  Hydralisk, Roach x8  
  143  10:09  Roach x4  
  148  10:26  Roach x6  
  160  10:33  Roach x11  
  180  10:44  Roach x5  
Tags
 
Add a new tag
Caveats
  • Supply blocks, unpowered buildings, or Contaminate may cause inaccurate times.
  • Supply counts are checked every 10 seconds.